 Dungeon Crawl Stone Soup version 0.27.1-34-g3ba077fa99 (webtiles) character file.

Game seed: 987157191756260723

3180 DerDa the Chopper (level 9, -9/79 HPs)
             Began as a Hill Orc Fighter on Jan 22, 2022.
             Was a Priest of Makhleb.
             Splashed by Harold's acid (10 damage)
             ... on level 7 of the Dungeon.
             The game lasted 00:16:43 (7896 turns).

DerDa the Chopper (Hill Orc Fighter)                Turns: 7896, Time: 00:16:43

Health: -9/79      AC:  7    Str: 22    XL:     9   Next: 95%
Magic:  23/23      EV:  9    Int:  8    God:    Makhleb [***...]
Gold:   261        SH: 10    Dex: 10    Spells: 8/8 levels left

rFire    . . .     SeeInvis .   a - +0 war axe
rCold    . . .     Faith    .   c - +0 kite shield
rNeg     . . .     Spirit   .   b - +0 scale mail
rPois    .         Reflect  .   (no helmet)
rElec    .         Harm     .   (no cloak)
rCorr    .         Rampage  .   (no gloves)
Will     .....                  (no boots)
Stlth    ..........             (no amulet)
HPRegen  0.23/turn              t - +4 ring of protection
MPRegen  0.18/turn              w - ring of magical power

@: corroded
A: no striking features
a: Renounce Religion, Minor Destruction, Lesser Servant of Makhleb


You were on level 7 of the Dungeon.
You worshipped Makhleb.
Makhleb was most pleased with you.
You visited 2 branches of the dungeon, and saw 8 of its levels.
You also visited: Ossuary.

You collected 261 gold pieces.

Inventory:

Hand Weapons
 a - a +0 war axe (weapon)
 d - a +2 spear of venom
Armour
 b - a +0 scale mail (worn)
 c - a +0 kite shield (worn)
 k - a +2 leather armour of positive energy
Jewellery
 t - a +4 ring of protection (left hand)
 w - a ring of magical power (right hand)
Wands
 v - a wand of iceblast (4)
 x - a wand of paralysis (6)
Scrolls
 e - a scroll of holy word {unknown}
 f - 2 scrolls of noise {unknown}
 h - a scroll of enchant weapon
 l - 4 scrolls of immolation
 m - 5 scrolls of enchant armour
 o - a scroll of teleportation
 p - a scroll of fear
 y - a scroll of identify
 A - a scroll of blinking {unknown}
Potions
 g - 2 potions of flight
 i - a potion of haste
 j - 4 potions of curing
 n - a potion of cancellation {unknown}
 q - 2 potions of brilliance {unknown}
 r - 2 potions of attraction {unknown}
 s - a potion of mutation {unknown}
 u - a potion of heal wounds {unknown}
 z - a potion of degeneration {unknown}


   Skills:
 + Level 7.4 Fighting
 + Level 7.8 Axes
 + Level 6.9 Armour
 + Level 4.3 Dodging
 + Level 6.7 Shields
 + Level 7.2 Invocations
 + Level 1.0 Evocations


You had 8 spell levels left.
You didn't know any spells.
Your spell library contained the following spells:

 Spells                   Type           Power      Damage    Failure   Level
 Beastly Appendage        Tmut           0%         N/A       97%         1
 Sting                    Tmut/Pois      0%         1d3       97%         1
 Poisonous Vapours        Pois/Air       0%         N/A       99%         2
 Wereblood                Tmut           0%         N/A       99%         2
 Dazzling Flash           Conj/Hex       0%         N/A       100%        3
 Portal Projectile        Hex/Tloc       0%         N/A       100%        3
 Spider Form              Tmut/Pois      0%         N/A       100%        3
 Olgreb's Toxic Radiance  Pois           0%         N/A       100%        4
 Agony                    Necr           0%         N/A       100%        5
 Blade Hands              Tmut           0%         N/A       100%        5
 Excruciating Wounds      Necr           0%         N/A       100%        5
 Silence                  Hex/Air        0%         N/A       100%        5


Dungeon Overview and Level Annotations

Branches:
Dungeon (7/15)             Temple (1/1) D:6         Ossuary (visited)

Altars:
Ashenzari
Cheibriados
Dithmenos
Elyvilon
Fedhas
Gozag
Hepliaklqana
Kikubaaqudgha
Makhleb
Nemelex Xobeh
Okawaru
Qazlal
Ru
Sif Muna
Trog
Uskayaw
Vehumet
Wu Jian
Xom
Yredelemnul
Zin
The Shining One

Annotations:
D:7 Harold, Menkaure


Message History

Menkaure, Prince of Dust comes into view.
You closely miss the hound. The hound barely misses you.
You block the hound's attack.
Your scale mail prevents you from hitting the hound.
You block the hound's attack. The hound bites you but does no damage.
You slash the hound!
You kill the hound!
Makhleb accepts your kill.
Harold the Weathered comes into view.
He is wielding a +2 vampiric long sword and carrying a wand of acid (5).
Harold shouts!
Harold throws a throwing net.
The throwing net closely misses you.
You see here a throwing net.
Harold fires a harpoon shot at you. The harpoon shot hits you.
You are yanked forward by the harpoon shot.
You block Harold's attack.
You slash Harold!
Harold is lightly wounded.
You block Harold's attack.
You closely miss Harold.
Harold is lightly wounded.
Menkaure shouts!
Harold zaps a wand.
The bolt of acid hits you!! The acid corrodes you!
You are splashed with acid!
You barely miss Harold.
Harold is lightly wounded.
Harold zaps a wand.
The bolt of acid misses you. Harold barely misses you.
Menkaure casts a spell at you. Pain shoots through your body!
You hit Harold but do no damage.
Harold is lightly wounded.
Harold hits you with a +2 vampiric long sword!
* * * LOW HITPOINT WARNING * * *
Unknown command.
A demon appears!
You can no longer hurl Makhleb's greater destruction.
Harold zaps a wand.
The bolt of acid hits you!
* * * LOW HITPOINT WARNING * * *
You are splashed with acid!
You die...

#.# ......<..# #)# #.
####......# # #.# #.#
##.#...# #. #.# #.#
#.#...# ..#####.######.#
..#[..# ...............#
# ..#.......###..#####.#
..#..####.###..#@....#
.....)...(......@.M..#
.......#........4.......
.##..#.##..##.##.....##.
#....)...[............
#....)..##############
#########


You could see Harold (ally target), Menkaure and a friendly orange demon
(summoned).

Vanquished Creatures
  Pikel (D:5)
  A troll (D:5)
  Eustachio (D:5)
  2 yaks (D:5)
  2 water moccasins
  A sky beast (D:6)
  An ice beast (D:6)
  A necrophage (D:4)
  2 centaurs (D:7)
  An elf zombie (Ossuary)
  A bullfrog (D:6)
  A scorpion (D:6)
  A wyvern skeleton (D:6)
  A howler monkey (D:6)
  3 centaur zombies (Ossuary)
  2 human zombies (Ossuary)
  A gnoll shaman (D:5)
  4 hounds
  A jelly (D:4)
  3 iguanas
  2 hound zombies (Ossuary)
  2 hound skeletons
  3 mummies (Ossuary)
  11 adders
  4 gnolls (D:5)
  2 white imps (D:6)
  4 adder zombies (Ossuary)
  2 worms
  4 dart slugs
  6 orcs
  8 ball pythons
  4 endoplasms
  4 giant cockroaches
  2 gnoll zombies (Ossuary)
  3 goblins
  4 hobgoblins
  2 quokkas
  3 frilled lizards
  6 goblin zombies (Ossuary)
  2 hobgoblin zombies (Ossuary)
  4 jackal zombies (Ossuary)
  10 kobolds
  3 kobold zombies (Ossuary)
  An orc zombie (Ossuary)
  3 quokka zombies (Ossuary)
  6 rats
  4 rat zombies (Ossuary)
140 creatures vanquished.

Vanquished Creatures (collateral kills)
  3 yaks (D:5)
  Sigmund (D:6)
  A howler monkey (D:6)
  An orc (D:6)
6 creatures vanquished.

Grand Total: 146 creatures vanquished

Notes
Turn   | Place    | Note
-------+----------+-------------------------------------------
     0 | D:1      | DerDa the Hill Orc Fighter began the quest for the Orb.
     0 | D:1      | Reached XP level 1. HP: 19/19 MP: 1/1
   102 | D:1      | Found a faded altar of an unknown god.
   606 | D:1      | Became a worshipper of Makhleb the Destroyer
   606 | D:1      | Reached * piety under Makhleb
   644 | D:2      | Reached XP level 2. HP: 27/27 MP: 2/2
   811 | D:2      | Reached XP level 3. HP: 33/33 MP: 3/3
   823 | D:2      | Reached skill level 1 in Invocations
  1120 | D:2      | Reached ** piety under Makhleb
  1241 | D:2      | Reached skill level 1 in Dodging
  1241 | D:2      | Reached XP level 4. HP: 35/40 MP: 5/5
  1553 | D:3      | HP: 2/40 [poisoned by a kobold]
  1994 | D:3      | Reached XP level 5. HP: 46/46 MP: 6/6
  2711 | D:4      | Noticed a necrophage
  2727 | D:4      | Killed a necrophage
  2787 | D:4      | Found a sand-covered staircase.
  2793 | Ossuary  | Entered an ossuary
  2834 | Ossuary  | Reached XP level 6. HP: 34/53 MP: 8/8
  2927 | Ossuary  | Reached *** piety under Makhleb
  2928 | Ossuary  | Reached skill level 5 in Fighting
  2928 | Ossuary  | Reached XP level 7. HP: 13/61 MP: 9/9
  3565 | D:4      | Reached skill level 5 in Axes
  3849 | D:4      | Found a basalt altar of Yredelemnul.
  3991 | D:5      | Entered Level 5 of the Dungeon
  4058 | D:5      | Noticed Pikel
  4095 | D:5      | Killed Pikel
  4096 | D:5      | Reached skill level 5 in Armour
  4096 | D:5      | Reached skill level 5 in Shields
  4096 | D:5      | Reached XP level 8. HP: 9/70 MP: 11/11
  4103 | D:5      | HP: 3/70 [poisoned by an adder]
  4137 | D:5      | Noticed Eustachio
  4548 | D:5      | Killed Eustachio
  4549 | D:5      | Reached skill level 5 in Invocations
  4553 | D:5      | HP: 5/105 [poisoned by a gnoll]
  4555 | D:5      | HP: 2/105 [poisoned by a gnoll]
  4556 | D:5      | Reached **** piety under Makhleb
  5045 | D:5      | Noticed a yak
  5045 | D:5      | Noticed a yak
  5045 | D:5      | Noticed a yak
  5046 | D:5      | Noticed a yak
  5048 | D:5      | Noticed a yak
  5057 | D:5      | Killed a yak
  5074 | D:5      | Killed a yak
  5077 | D:5      | Killed a yak
  5078 | D:5      | Reached XP level 9. HP: 22/78 MP: 13/13
  5087 | D:5      | HP: 1/78 [yak (9)]
  5527 | D:5      | Noticed a troll
  5539 | D:5      | Killed a troll
  6273 | D:6      | Noticed Sigmund
  6285 | D:6      | Killed Sigmund
  7008 | D:6      | Found a staircase to the Ecumenical Temple.
  7018 | Temple   | Entered the Ecumenical Temple
  7846 | D:7      | Reached skill level 1 in Evocations
  7873 | D:7      | Noticed Menkaure
  7889 | D:7      | Noticed Harold
  7896 | D:7      | HP: 1/79 [Harold/bolt of acid (17)]
  7896 | D:7      | Splashed by Harold's acid

Illustrated notes

Levels and vault maps discovered:
D:1:      sevenhm_arrival_forest_fort_small_6, layout_basic,
          hellmonk_ecumenical_altar_crossroads
D:2:      layout_rooms, wander_ebering_terrifying_dragon_lair
D:3:      layout_basic, moated_statue, minmay_fractal_squares_5
D:4:      layout_basic, yredelemnul_altar_generic, nicolae_ossuary_entry_plus,
          portal_sewer_entry_d, st_stairs_14
D:5:      layout_basic, serial_curves, eino_curves_04, eino_curves_02,
          eino_curves_02, uniq_pikel, uniq_eustachio
D:6:      kennysheep_six_static_rooms, layout_loops_corners,
          minmay_temple_entry_slanted, minivault_22, uniq_sigmund
D:7:      layout_loops_ring, uniq_harold, uniq_menkaure, uniq_crazy_yiuf_cottage
Temple:   minmay_crystal_snake_temple

Skill      XL: |  1  2  3  4  5  6  7  8  9 |
---------------+----------------------------+-----
Axes           | 3 4 5 6 7 |  7.8
Invocations    | 1 2 3 4 5 7 |  7.2
Fighting       | 4 5 6 7 |  7.4
Dodging        | 1 2 3 4 |  4.3
Armour         | 4 5 6 |  6.9
Shields        | 4 5 6 |  6.7
Evocations     | 1 |  1.0

Action                   |  1- 3 |  4- 6 |  7- 9 || total
-------------------------+-------+-------+-------++-------
Melee: War axe           |    77 |   158 |   358 ||   593
Invok: Lesser Servant of |       |       |     5 ||     5
       Minor Destruction |       |       |     1 ||     1
Evoke: Wand              |       |       |     2 ||     2
  Use: Scroll            |       |     4 |     3 ||     7
       Potion            |       |     1 |     5 ||     6
Armor: Scale mail        |    36 |    99 |   158 ||   293
       Skin              |       |     2 |     5 ||     7
Dodge: Dodged            |    28 |    64 |   125 ||   217
Block: Kite shield       |    44 |    89 |   202 ||   335
